 Dungeon Crawl Stone Soup version 0.30-a0-1082-g70414cbcbb (webtiles) character file.

Game seed: 16059444124182895817

9720 ryw the Basher (level 11, -3/84 HPs)
             Began as a Mummy Fighter on Apr 15, 2023.
             Was an Elder of Okawaru.
             Slain by a large abomination (28 damage)
             ... on level 2 of the Abyss.
             The game lasted 00:26:15 (14937 turns).

ryw the Basher (Mummy Fighter)                     Turns: 14937, Time: 00:26:15

Health: -3/84      AC: 12    Str: 24    XL:     11   Next: 26%
Magic:  11/11      EV:  6    Int:  8    God:    Okawaru [****..]
Gold:   1145       SH:  7    Dex: 17    Spells: 10/10 levels left

rFire   x . .      SeeInvis .    x - +5 morningstar (venom)
rCold   + . .      Faith    +    c - +1 buckler
rNeg    + + +      Spirit   .    t - +0 plate armour
rPois   ∞          Reflect  .    (no helmet)
rElec   .          Rampage  .    b - scarf {repulsion}
rCorr   .                        (no gloves)
Will    ++...                    (no boots) Stlth
                                 (no amulet)
HPRegen 0.34/turn                r - ring of willpower
MPRegen 0.12/turn                m - +6 ring of dexterity

@: studying Evocations, repel missiles
A: cold resistance 1, negative energy resistance 3, torment resistance 2, heat
vulnerability 1, in touch with death 1, no potions, faith
a: Renounce Religion, Heroism, Finesse


You were on level 2 of the Abyss.
You worshipped Okawaru.
Okawaru was greatly pleased with you.
You visited 2 branches of the dungeon, and saw 11 of its levels.
You visited the Abyss 1 time.

You collected 1411 gold pieces.
You spent 266 gold pieces at shops.

Inventory:

Hand Weapons
 a - a +0 morningstar
 x - a +5 morningstar of venom (weapon)
Missiles
 u - 6 silver javelins
 w - 5 javelins (quivered)
 z - a boomerang
Armour
 b - a scarf of repulsion (worn)
 c - a +1 buckler (worn)
 t - a +0 plate armour (worn)
Jewellery
 m - a +6 ring of dexterity (right hand)
 n - a ring of flight
 o - a ring of willpower
 r - a ring of willpower (left hand)
 y - a ring of resist corrosion
Wands
 d - a wand of paralysis (9)
 e - a wand of flame (18)
 s - a wand of quicksilver (5)
 v - a wand of polymorph (9)
Scrolls
 f - 2 scrolls of immolation
 g - 2 scrolls of enchant armour
 h - 2 scrolls of amnesia
 i - a scroll of vulnerability
 j - 5 scrolls of fog
 k - 3 scrolls of fear
 l - 3 scrolls of teleportation
 p - 3 scrolls of identify
 q - a scroll of blinking


   Skills:
 + Level 7.5 Fighting
 * Level 9.1 Maces & Flails
 + Level 6.5 Throwing
 + Level 6.3 Armour
 + Level 6.2 Shields


You had 10 spell levels left.
You didn't know any spells.
Your spell library contained the following spells:

 Spells                   Type           Power      Damage    Failure   Level
 Freeze                   Ice            0%         1d3       100%        1
 Frozen Ramparts          Ice            0%         1d1       100%        3
 Hailstorm                Conj/Ice       0%         3d3       100%        3
 Inner Flame              Hex/Fire       0%         N/A       100%        3
 Flame Wave               Conj/Fire      0%         2d4       100%        4
 Sticky Flame             Conj/Fire      0%         2d3       100%        4
 Iskenderun's Battlesphe  Conj           0%         2d6       100%        5
 Yara's Violent Unravell  Hex/Tmut       0%         3d3       100%        5
 Iron Shot                Conj/Erth      0%         9d1       100%        6
 Enfeeble                 Hex            0%         N/A       100%        7
 Orb of Destruction       Conj           0%         9d5       100%        7
 Summon Guardian Golem    Hex/Summ       Unusable   N/A       N/A         3
 Spellforged Servitor     Conj/Summ      Unusable   N/A       N/A         7

Dungeon Overview and Level Annotations

Branches:
Dungeon (10/15)            Temple (1/1) D:7
   Lair: D:8-11         Orc: D:9-12

Altars:
Ashenzari
Cheibriados
Dithmenos
Fedhas
Gozag
Hepliaklqana
Kikubaaqudgha
Makhleb
Nemelex Xobeh
Okawaru
Qazlal
Ru
Sif Muna
Trog
Uskayaw
Vehumet
Wu Jian
Xom
Yredelemnul

Shops:
D:9 ?   D:10 [

Annotations:
D:9 Sonja


Innate Abilities, Weirdness & Mutations

You are immune to poison.
Your flesh is cold resistant. (rC+)
You are immune to negative energy. (rN+++)
You are immune to unholy pain and torment.
You are vulnerable to heat. (rF-)
You are in touch with the powers of death.
You do not drink.
You have a special connection with the divine. (Faith)


Message History

You block Sonja's attack. x2; Sonja hits you but does no damage.
A mysterious force pulls you upwards. The hatch slams shut behind you.
You miss Sonja. Sonja hits you but does no damage. Space warps around you.
Sonja hits you but does no damage. You block Sonja's attack.
You gain the combat prowess of a mighty hero.
You can no longer enter into single combat with a foe.
Okawaru will no longer gift you equipment.
Sonja hits you but does no damage. Space warps horribly around you!!
Sonja hits you but does no damage.
You blink.
Sonja throws a curare-tipped dart.
The curare-tipped dart closely misses you.
You miss Sonja. Sonja hits you but does no damage.
Space warps horribly around you! Sonja barely misses you.
Sonja hits you but does no damage.
You are cast into the Abyss!
This branch contains the abyssal rune of Zot.
Found a corrupted altar of Lugonu.
You start resting.
You feel like a meek peon again.
You start resting.
Magic restored.
You start resting.
HP restored.
You start waiting.
A large abomination assembles itself!
You puncture the large abomination!
The large abomination is moderately damaged.
The large abomination hits you!!
You completely miss the large abomination.
The large abomination is moderately damaged.
The large abomination hits you!!
You hit the large abomination.
The large abomination is heavily damaged.
The large abomination barely misses you.
The large abomination hits you.
* * * LOW HITPOINT WARNING * * *
You hit the large abomination.
The large abomination is heavily damaged.
The large abomination hits you!!
You die...

####.## #.....
### .....# ....
# ... # #
.....####._.#
#. #......#.. X
... . #.#. §
...#
....##@#..##...
#....X.......#
#######.##..##
.# # .# .# #. .


You could see a large abomination.

Vanquished Creatures
  A two-headed ogre (D:10)
  Joseph (D:8)
  2 komodo dragons
  3 trolls
  2 wyverns
  17 yaks
  A wraith (D:9)
  Menkaure (D:5)
  Edmund (D:5)
  An acid dragon (D:9)
  2 water moccasins
  3 sky beasts
  6 orc warriors
  3 boggarts (D:9)
  8 centaurs
  A phantom (D:7)
  3 bullfrogs
  2 scorpions (D:6)
  14 wights
  10 killer bees
  4 howler monkeys
  Crazy Yiuf (D:3)
  A gnoll bouda (D:4)
  3 orc priests (D:9)
  4 hounds
  5 sleepcaps
  Natasha (twice) (D:2)
  An iguana (D:7)
  4 orc wizards
  4 gnolls (D:4)
  5 adders
  2 shadow imps
  A white imp (D:6)
  2 ufetubi
  2 dart slugs
  26 orcs
  6 endoplasms
  8 giant cockroaches
  8 goblins
  9 hobgoblins
  11 jackals
  3 kobolds
  4 quokkas
  12 ball pythons
  8 bats
  4 frilled lizards
  2 rats
224 creatures vanquished.

Vanquished Creatures (others)
  A butterfly (D:4)
1 creature vanquished.

Grand Total: 225 creatures vanquished

Notes
Turn   | Place    | Note
-------+----------+-------------------------------------------
     0 | D:1      | ryw the Mummy Fighter began the quest for the Orb.
     0 | D:1      | Reached XP level 1. HP: 18/18 MP: 1/1
     2 | D:1      | Noticed a merfolk
     2 | D:1      | Noticed a naga
     4 | D:1      | Noticed a felid
     6 | D:1      | Noticed a demonspawn
     6 | D:1      | Noticed a vampire
     8 | D:1      | Noticed a minotaur
     8 | D:1      | Noticed a demigod
    10 | D:1      | Noticed a formicid
    10 | D:1      | Noticed a vine stalker
    12 | D:1      | Noticed an octopode
    14 | D:1      | Noticed a draconian
    14 | D:1      | Noticed a human
    16 | D:1      | Noticed an ogre
    18 | D:1      | Noticed a tengu
    18 | D:1      | Noticed a meteoran
    20 | D:1      | Noticed an armataur
    20 | D:1      | Noticed a gargoyle
    22 | D:1      | Noticed an elf
    22 | D:1      | Noticed a troll
    24 | D:1      | Noticed a ghoul
    24 | D:1      | Noticed a ghoul
    26 | D:1      | Noticed a gargoyle
    26 | D:1      | Noticed a naga
   371 | D:1      | Reached skill level 2 in Maces & Flails
   445 | D:1      | Reached XP level 2. HP: 24/24 MP: 2/2
   545 | D:1      | Reached skill level 1 in Throwing
  1046 | D:1      | Gained mutation: You are in touch with the powers of death.
                  | [Mummy growth]
  1046 | D:1      | Reached XP level 3. HP: 27/29 MP: 3/3
  1169 | D:2      | Noticed Natasha
  1183 | D:2      | Identified a scroll of acquirement
  1183 | D:2      | Acquired 885 gold pieces
  1491 | D:3      | Found a faded altar of an unknown god.
  1631 | D:3      | Reached XP level 4. HP: 34/35 MP: 4/4
  1751 | D:3      | Identified the +5 dagger "Gaonof" {freeze, rN+ MP+9 Dex+4}
  2043 | D:3      | Found a runed translucent door.
  2044 | D:3      | Noticed Crazy Yiuf
  2607 | D:2      | Killed Natasha
  2608 | D:2      | Reached skill level 3 in Maces & Flails
  2802 | D:2      | Noticed Natasha
  2809 | D:2      | Killed Natasha
  3354 | D:4      | Reached XP level 5. HP: 40/41 MP: 5/5
  3813 | D:4      | Found a stormy altar of Qazlal.
  3899 | D:4      | Noticed a sky beast
  3917 | D:4      | Killed a sky beast
  3918 | D:4      | Reached XP level 6. HP: 16/47 MP: 6/6
  4093 | D:4      | Reached skill level 4 in Maces & Flails
  4307 | D:4      | Found a bloodstained altar of Trog.
  4576 | D:5      | Entered Level 5 of the Dungeon
  4636 | D:5      | Reached XP level 7. HP: 40/52 MP: 7/7
  4805 | D:5      | Noticed Edmund
  4815 | D:5      | Killed Edmund
  5066 | D:5      | Noticed Menkaure
  5072 | D:5      | Killed Menkaure
  5257 | D:5      | Found a sacrificial altar of Ru.
  5348 | D:6      | Reached skill level 5 in Maces & Flails
  5545 | D:6      | Found an ancient bone altar of Kikubaaqudgha.
  5658 | D:6      | Reached XP level 8. HP: 31/60 MP: 8/8
  7385 | D:6      | Reached skill level 6 in Maces & Flails
  7447 | D:7      | Reached skill level 5 in Fighting
  7676 | D:7      | Reached XP level 9. HP: 19/68 MP: 9/9
  8365 | D:7      | Found a staircase to the Ecumenical Temple.
  8371 | Temple   | Entered the Ecumenical Temple
  8376 | Temple   | Became a worshipper of Warmaster Okawaru
  9103 | D:3      | Killed Crazy Yiuf
  9694 | D:8      | Reached * piety under Okawaru
  9873 | D:8      | Noticed Joseph
  9888 | D:8      | Killed Joseph
  9889 | D:8      | Reached skill level 7 in Maces & Flails
  9889 | D:8      | Reached skill level 5 in Throwing
 10065 | D:8      | Found a blossoming altar of Fedhas.
 10177 | D:8      | Reached skill level 5 in Armour
 10230 | D:7      | Reached skill level 5 in Shields
 10479 | D:8      | Noticed a komodo dragon
 10502 | D:8      | Killed a komodo dragon
 10503 | D:8      | Reached XP level 10. HP: 19/76 MP: 7/10
 10888 | D:8      | Reached ** piety under Okawaru
 12105 | D:8      | Reached skill level 8 in Maces & Flails
 12885 | D:9      | Found a basalt altar of Yredelemnul.
 13061 | D:9      | Reached *** piety under Okawaru
 13252 | D:9      | Reached **** piety under Okawaru
 13691 | D:9      | Found Wirpheeto's Magic Scroll Boutique.
 13710 | D:9      | Bought a scroll of enchant weapon for 105 gold pieces
 13710 | D:9      | Bought a scroll of fear for 56 gold pieces
 13710 | D:9      | Bought a scroll of enchant armour for 105 gold pieces
 13948 | D:10     | Entered Level 10 of the Dungeon
 14111 | D:9      | Reached XP level 11. HP: 80/84 MP: 11/11
 14159 | D:10     | Noticed a two-headed ogre
 14159 | D:10     | Found Ovveenik's Armour Shoppe.
 14159 | D:10     | Noticed a two-headed ogre
 14466 | D:10     | Killed a two-headed ogre
 14466 | D:10     | Received a gift from Okawaru
 14467 | D:10     | Reached skill level 9 in Maces & Flails
 14736 | D:10     | Reached ***** piety under Okawaru
 14756 | D:10     | Noticed Sonja
 14773 | Abyss:2  | Found a corrupted altar of Lugonu.
 14773 | Abyss:2  | Cast into level 2 of the Abyss (Sonja)
 14937 | Abyss:2  | Slain by a large abomination

Illustrated notes

Levels and vault maps discovered:
D:1:      kb_arrival_jail, layout_loops_corners
D:2:      layout_rooms, grunt_ministairs_11, uniq_natasha
D:3:      layout_loops_ring, chequers_ecumenical_altar_simple_redux,
          uniq_crazy_yiuf_cottage
D:4:      layout_basic, grunt_qazlal_clouds, nicolae_elyvilon_peaceful_grove,
          lemuel_tele_altar
D:5:      layout_basic, nicolae_ru_the_path_less_chosen, minmay_holes,
          uniq_menkaure, uniq_edmund
D:6:      layout_basic, kiku_gazebo_garden_becter, dreamdust_princess_corridor,
          minmay_stone_trees_small
D:7:      layout_gridville, minmay_temple_entry_drinking_statues,
          minmay_manual_mares
D:8:      layout_layer_cave, old_standard_altar, minivault_27,
          minmay_fractal_squares_5, uniq_joseph
D:9:      layout_basic, kennysheep_little_box, serial_shops, shop
D:10:     layout_loops_cross, serial_shops, shop,
          amcnicky_mini_corridor_feature, uniq_sonja
Temple:   minmay_freezing_vapour_temple
Abyss:2:  base: D:6, base: D:10, hangedman_abyss_exit_choices

Skill      XL: |  1  2  3  4  5  6  7  8  9 10 11 |
---------------+----------------------------------+-----
Maces & Flails | 2 3 4 5 6 7 8 9 |  9.1
Throwing       | 1 2 3 4 5 6 |  6.5
Armour         | 3 4 5 6 |  6.3
Shields        | 3 4 5 6 |  6.2
Fighting       | 4 5 6 7 |  7.5

Action                     |  1- 3 |  4- 6 |  7- 9 | 10-12 || total
---------------------------+-------+-------+-------+-------++-------
  Melee: Flail             |   154 |   175 |   343 |   199 ||   871
         Morningstar       |       |       |       |   116 ||   116
  Throw: Javelin           |       |    31 |    31 |    36 ||    98
         Throwing net      |       |       |     3 |       ||     3
 Invoke: Heroism           |       |       |     4 |     6 ||    10
  Evoke: Wand              |       |     1 |     7 |     5 ||    13
    Use: Scroll            |     4 |     3 |     1 |     5 ||    13
 Armour: Scale mail        |    71 |    92 |    40 |       ||   203
         Plate armour      |       |       |   201 |   161 ||   362
  Dodge: Dodged            |    75 |    86 |   119 |    96 ||   376
  Block: Buckler           |    41 |    37 |   108 |   108 ||   294

Table legend: (Time is in decaauts)
 A = Elapsed time spent in this place.
 B = Non-inter-level travel time spent in this place.
 C = Inter-level travel time spent in this place.
 D = Time resting spent in this place.
 E = Time spent auto-exploring this place.
 F = Levels seen in this place.
 G = Mean time per level.
                   A        B        C        D        E       F      G
               +--------+--------+--------+--------+--------+-----+--------+
         Total |  15148 |  13815 |   1333 |   4603 |   6332 |  12 | 1262.3 |
       Dungeon |  14974 |  13641 |   1333 |   4447 |   6332 |  10 | 1497.4 |
        Temple |     10 |     10 |      0 |      0 |      0 |   1 |   10.0 |
         Abyss |    163 |    163 |      0 |    156 |      0 |   1 |  163.0 |
               +--------+--------+--------+--------+--------+-----+--------+

Top non-repeatable levels by time:
     D:8: 2375 daAuts
     D:7: 2202 daAuts
     D:6: 2107 daAuts
     D:9: 1796 daAuts
     D:4: 1404 daAuts
     D:3: 1339 daAuts
     D:2: 1257 daAuts
     D:1: 1085 daAuts
     D:5: 817 daAuts
    D:10: 588 daAuts
 Abyss:2: 163 daAuts
  Temple: 10 daAuts
